 Dungeon Crawl Stone Soup version 0.28-a0-261-gc0b50483a2 (webtiles) character file.

Game seed: 5662791567573429210

19840 PentaManta the Basher (level 12, -1/79 HPs)
             Began as a Gargoyle Monk on Aug 27, 2021.
             Was the Champion of Okawaru.
             Slain by a cane toad simulacrum (11 damage)
             ... in an ice cave.
             The game lasted 00:24:05 (13249 turns).

PentaManta the Basher (Gargoyle Monk)              Turns: 13249, Time: 00:24:06

Health: -1/79      AC: 24    Str: 20    XL:     12   Next: 73%
Magic:  0/12       EV: 11    Int: 11    God:    Okawaru [******]
Gold:   639        SH:  0    Dex: 12    Spells: 11/11 levels left

rFire   . . .      SeeInvis .   Q - +1 whip (elec)
rCold   . . .      Faith    .   (no shield)
rNeg    + . .      Spirit   +   L - +4 ring mail "Siahop" {Regen+}
rPois   ∞          Reflect  .   k - +0 helmet
rElec   +          Harm     .   (no cloak)
rCorr   .          Rampage  .   d - +0 pair of gloves
Will    .....                   X - +0 pair of boots
Stlth   +.........              e - amulet of guardian spirit
HPRegen 1.23/turn               (no ring)
MPRegen 0.13/turn               (no ring)

@: attractive, slowed, very slow
A: sickness immunity, AC +8, negative energy resistance 1, electricity
resistance, torment resistance 1, petrification resistance
a: Renounce Religion, Heroism, Finesse, Duel


You were in an ice cave.
You worshipped Okawaru.
Okawaru was exalted by your worship.
You visited 3 branches of the dungeon, and saw 14 of its levels.
You also visited: Ice Cave.

You collected 639 gold pieces.

Inventory:

Hand Weapons
 y - a +0 short sword of venom
 H - a +1 dire flail
 I - a +2 vorpal flail
 Q - a +1 whip of electrocution (weapon)
 W - a +0 morningstar
Missiles
 c - 3 throwing nets
 m - 13 boomerangs
 u - 45 poisoned darts
 O - 8 atropa-tipped darts
Armour
 d - a +0 pair of gloves (worn)
 i - a +0 buckler
 k - a +0 helmet (worn)
 q - a +2 scale mail of fire resistance
 K - a +2 scale mail of cold resistance
 L - the +4 ring mail "Siahop" (worn) {Regen+}
   (You found it on level 7 of the Dungeon)

   Regen:     It increases your rate of health regeneration.
 P - a +0 plate armour
 S - a +0 kite shield
 X - a +0 pair of boots (worn)
Jewellery
 e - an amulet of guardian spirit (around neck)
 R - a ring of flight
 U - a +6 ring of intelligence
Wands
 f - a wand of mindburst (9)
 t - a wand of acid (14)
 w - a wand of iceblast (22) (quivered)
 E - a wand of flame (19)
 Y - a wand of polymorph (5)
Scrolls
 a - 2 scrolls of teleportation
 b - 4 scrolls of noise {unknown}
 g - 12 scrolls of identify
 h - a scroll of brand weapon
 j - 3 scrolls of acquirement
 n - 2 scrolls of magic mapping
 o - a scroll of amnesia
 C - 4 scrolls of fog
 F - a scroll of fear
 G - a scroll of immolation {unknown}
 N - 2 scrolls of enchant weapon {unknown}
 T - 3 scrolls of enchant armour {unknown}
 V - a scroll of torment {unknown}
Potions
 l - 2 potions of mutation {unknown}
 p - a potion of magic {unknown}
 r - a potion of lignification {unknown}
 s - 2 potions of curing
 v - 2 potions of degeneration {unknown}
 x - 2 potions of flight {unknown}
 z - 3 potions of heal wounds {unknown}
 A - a potion of might {unknown}
 B - 6 potions of brilliance {unknown}
 D - 3 potions of attraction
 J - 3 potions of haste {unknown}
 M - 2 potions of ambrosia {unknown}
 Z - a potion of invisibility {unknown}


   Skills:
 + Level 10.7 Fighting
 - Level 14.1 Maces & Flails
 + Level 10.1 Armour
 - Level 2.4 Dodging
 - Level 2.1 Stealth
 + Level 7.8 Shields


You had 11 spell levels left.
You didn't know any spells.
Your spell library contained the following spells:

 Spells                   Type           Power      Damage    Failure   Level
 Ensorcelled Hibernation  Hex/Ice        0%         N/A       63%         2
 Slow                     Hex            0%         N/A       63%         2
 Confusing Touch          Hex            0%         N/A       85%         3
 Frozen Ramparts          Ice            0%         1d2       85%         3
 Spider Form              Tmut/Pois      0%         N/A       85%         3
 Ice Form                 Ice/Tmut       0%         N/A       99%         4
 Fireball                 Conj/Fire      0%         3d3       100%        5
 Iskenderun's Battlesphe  Conj           0%         2d6       100%        5
 Yara's Violent Unravell  Hex/Tmut       0%         3d3       100%        5
 Conjure Ball Lightning   Conj/Air       0%         3x3d6     100%        6
 Orb of Destruction       Conj           0%         N/A       100%        7
 Summon Ice Beast         Ice/Summ       Unusable   N/A       N/A         4
 Shadow Creatures         Summ           Unusable   N/A       N/A         6

Dungeon Overview and Level Annotations

Branches:
Dungeon (9/15)             Temple (1/1) D:7            Lair (4/6) D:8
  Swamp (0/4) Lair:4        Snake (0/4) Lair:3        IceCv (1/1)
    Orc: D:9-12

Altars:
Ashenzari
Cheibriados
Dithmenos
Elyvilon
Fedhas
Gozag
Hepliaklqana
Kikubaaqudgha
Makhleb
Okawaru
Qazlal
Ru
Sif Muna
Uskayaw
Vehumet
Wu Jian
Xom
Yredelemnul
Zin
The Shining One

Shops:
D:4 (

Annotations:
Lair:3 3 runed translucent doors, Lonelite's ghost, journeyman DECj


Innate Abilities, Weirdness & Mutations

You are immune to sickness and miasma.
Your stone body is resilient. (AC +8)
You are immune to poison.
You resist negative energy. (rN+)
You are resistant to electric shocks. (rElec)
You are resistant to unholy torment.
You are immune to petrification.


Message History

The freezing wraith freezes you!!
* * * LOW HITPOINT WARNING * * *
The freezing wraith barely misses you.
Okay, then.
You can't see any enemies this would affect, really read the scroll of fear?
Okay, then.
Okay, then.
It was a potion of attraction.
You feel attractive to monsters.
The cane toad simulacrum hits you but does no damage.
The freezing wraith hits you but does no damage. x2
The death yak simulacrum closely misses you.
The polar bear simulacrum bites you but does no damage.
The polar bear simulacrum claws you but does no damage.
The polar bear simulacrum barely misses you.
Aiming: Corrosive Bolt
Press: ? - help, Shift-Dir - straight line, f - freezing wraith
Aim: a freezing wraith (lightly damaged, 71% to hit)
The bolt of acid hits the freezing wraith.
The acid corrodes the freezing wraith!
The freezing wraith is moderately damaged.
The cane toad simulacrum hits you but does no damage.
The freezing wraith closely misses you.
The freezing wraith hits you but does no damage.
The death yak simulacrum barely misses you.
The polar bear simulacrum barely misses you.
The polar bear simulacrum claws you but does no damage. x2
The cane toad simulacrum closely misses you.
The freezing wraith barely misses you.
The freezing wraith hits you but does no damage.
Aiming: Corrosive Bolt
Press: ? - help, Shift-Dir - straight line, f/p - freezing wraith
Aim: a freezing wraith (moderately damaged, covered in acid, 71% to hit)
The bolt of acid hits the freezing wraith!
The freezing wraith is heavily damaged.
The death yak simulacrum closely misses you.
The polar bear simulacrum bites you but does no damage.
The polar bear simulacrum barely misses you.
The polar bear simulacrum misses you. The cane toad simulacrum hits you!
You die...

#######
##@Z...##
##ZZW∩...##
##.........##
#.....∩.....#
#...........#
#...........#
#.............#
#....8...8....#
#......[......#


You could see a freezing wraith (corroded), a death yak simulacrum, a cane toad
simulacrum and a polar bear simulacrum.

Vanquished Creatures
  Gastronok (Lair:3)
  Harold (Lair:2)
  2 hydras
  A two-headed ogre (D:8)
  A will-o-the-wisp (Lair:4)
  A manticore (D:8)
  3 black mambas
  A centaur zombie (D:5)
  9 cane toads
  2 rime drakes
  2 komodo dragons
  A polar bear (Lair:4)
  A slime creature (D:8)
  Sigmund (D:5)
  A wraith (D:9)
  2 steam dragons (D:7)
  15 yaks
  2 basilisks (Lair:1)
  A wyvern (D:9)
  Menkaure (D:4)
  3 nagas (Lair:3)
  Duvessa (D:7)
  10 water moccasins
  2 black bears
  4 orc warriors
  5 sky beasts
  2 ice beasts
  4 ogres
  9 wolves
  A centaur (D:8)
  9 bullfrogs
  A kobold brigand (D:9)
  Blork the orc (D:4)
  A gnoll sergeant (D:6)
  Dowan (D:7)
  A wyvern zombie (D:6)
  5 wights
  2 electric eels (D:8)
  4 howler monkeys
  2 bullfrog zombies
  8 hounds
  7 orc priests
  2 bullfrog skeletons (D:6)
  A centaur skeleton (D:6)
  Ijyb (D:3)
  4 iguanas
  8 orc wizards (D:9)
  2 polar bear simulacra (IceCv)
  A hound zombie (D:4)
  2 hound skeletons
  A howler monkey zombie (D:5)
  9 gnolls
  5 adders
  A shadow imp (D:6)
  An ufetubus (D:7)
  2 worms (D:4)
  4 dart slugs
  14 orcs
  6 ball pythons
  9 endoplasms
  5 giant cockroaches
  15 goblins
  3 hobgoblins
  5 jackals (D:1)
  5 bats
  4 frilled lizards
  3 kobolds
  4 rats
249 creatures vanquished.

Vanquished Creatures (others)
  A troll (D:7)
  2 orcs (D:7)
  8 foxfires (Lair:4)
  3 fungi
  6 plants
20 creatures vanquished.

Grand Total: 269 creatures vanquished

Notes
Turn   | Place    | Note
-------+----------+-------------------------------------------
     0 | D:1      | PentaManta the Gargoyle Monk began the quest for the Orb.
     0 | D:1      | Reached XP level 1. HP: 14/14 MP: 1/1
   182 | D:1      | Reached XP level 2. HP: 7/19 MP: 2/2
   752 | D:1      | Reached skill level 4 in Maces & Flails
   892 | D:1      | Reached XP level 3. HP: 19/23 MP: 1/3
  1590 | D:2      | Found a faded altar of an unknown god.
  2098 | D:2      | Reached XP level 4. HP: 24/28 MP: 4/4
  2804 | D:3      | Reached skill level 5 in Maces & Flails
  3141 | D:3      | Reached XP level 5. HP: 32/32 MP: 5/5
  3377 | D:3      | Noticed Ijyb
  3393 | D:3      | Killed Ijyb
  3819 | D:4      | Noticed an ogre
  3829 | D:4      | Killed an ogre
  3830 | D:4      | Reached skill level 6 in Maces & Flails
  3830 | D:4      | Reached XP level 6. HP: 37/37 MP: 6/6
  4040 | D:4      | Found an ancient bone altar of Kikubaaqudgha.
  4110 | D:4      | Reached skill level 7 in Maces & Flails
  4113 | D:4      | Noticed Menkaure
  4130 | D:4      | Killed Menkaure
  4343 | D:4      | Reached XP level 7. HP: 41/41 MP: 7/7
  4353 | D:4      | Found Detickuj's Weapon Boutique.
  4391 | D:4      | Noticed Blork the orc
  4399 | D:4      | Killed Blork the orc
  4400 | D:4      | Reached skill level 8 in Maces & Flails
  4673 | D:5      | Entered Level 5 of the Dungeon
  5237 | D:5      | Reached skill level 9 in Maces & Flails
  5237 | D:5      | Reached XP level 8. HP: 41/46 MP: 8/8
  5377 | D:5      | Found a hazy altar of Hepliaklqana.
  5430 | D:5      | Reached skill level 10 in Maces & Flails
  5807 | D:5      | Noticed Sigmund
  5822 | D:5      | Killed Sigmund
  5937 | D:6      | Reached skill level 11 in Maces & Flails
  6194 | D:6      | Reached XP level 9. HP: 51/51 MP: 9/9
  6585 | D:6      | Reached skill level 12 in Maces & Flails
  7016 | D:7      | Found an opulent altar of Gozag.
  7062 | D:7      | Identified the +4 ring mail "Siahop" {Regen+}
  7083 | D:7      | Noticed Duvessa
  7097 | D:7      | Noticed Dowan
  7120 | D:7      | Killed Duvessa
  7121 | D:7      | Reached skill level 13 in Maces & Flails
  7227 | D:7      | Killed Dowan
  7271 | D:7      | Found a blossoming altar of Fedhas.
  7271 | D:7      | Found a white marble altar of Elyvilon.
  7299 | D:7      | Found a staircase to the Ecumenical Temple.
  7328 | Temple   | Entered the Ecumenical Temple
  7392 | Temple   | Became a worshipper of Warmaster Okawaru
  7392 | Temple   | Reached * piety under Okawaru
  7392 | Temple   | Reached ** piety under Okawaru
  8219 | D:8      | Found a staircase to the Lair.
  8233 | D:8      | Reached XP level 10. HP: 48/56 MP: 8/10
  8320 | D:7      | Reached skill level 14 in Maces & Flails
  8499 | D:8      | Noticed a two-headed ogre
  8509 | D:8      | Killed a two-headed ogre
  8570 | D:8      | Reached *** piety under Okawaru
  8621 | D:8      | Noticed a manticore
  8636 | D:8      | Killed a manticore
  8943 | D:9      | Reached skill level 5 in Fighting
  8952 | D:9      | Received a gift from Okawaru
  9158 | D:9      | Reached XP level 11. HP: 59/64 MP: 11/11
  9187 | D:9      | Reached **** piety under Okawaru
  9188 | D:9      | Reached skill level 5 in Armour
  9607 | D:9      | Found a burning altar of Makhleb.
  9977 | Lair:1   | Entered Level 1 of the Lair of Beasts
 10012 | Lair:1   | HP: 2/67 [yak (10)]
 10129 | Lair:1   | Noticed a four-headed hydra
 10136 | Lair:1   | Killed a four-headed hydra
 10188 | Lair:1   | Reached ***** piety under Okawaru
 11071 | Lair:2   | Reached skill level 5 in Shields
 11268 | Lair:2   | Reached XP level 12. HP: 44/76 MP: 5/12
 11486 | Lair:2   | Noticed a seven-headed hydra
 11500 | Lair:2   | Killed a seven-headed hydra
 11501 | Lair:2   | Noticed Harold
 11519 | Lair:2   | Killed Harold
 12072 | Lair:3   | Found a staircase to the Snake Pit.
 12180 | Lair:3   | Noticed Lonelite's ghost (journeyman DECj)
 12181 | Lair:3   | Found a runed translucent gate.
 12182 | Lair:3   | Found a runed translucent gate.
 12241 | Lair:3   | Reached skill level 10 in Fighting
 12487 | Lair:3   | Reached ****** piety under Okawaru
 12506 | Lair:3   | Noticed Gastronok
 12533 | Lair:3   | Killed Gastronok
 12618 | Lair:3   | Found a runed translucent gate.
 12999 | Lair:4   | Found a staircase to the Swamp.
 13022 | Lair:4   | Reached skill level 10 in Armour
 13137 | Lair:4   | Identified 3 scrolls of acquirement
 13221 | Lair:4   | Found a frozen archway.
 13230 | IceCv    | Entered an ice cave
 13249 | IceCv    | Slain by a cane toad simulacrum

Illustrated notes

Levels and vault maps discovered:
D:1:      lemuel_arrival_lava_pool, layout_basic
D:2:      layout_basic, hellmonk_ecumenical_altar_run_dry
D:3:      layout_loops_corners, chequers_decorated_corner, uniq_ijyb
D:4:      layout_loops_ring, marbit_many_paths, serial_shops,
          nicolae_shop_stone, kennysheep_generic_room_13, uniq_menkaure,
          uniq_blork_the_orc
D:5:      layout_basic, mainiacjoe_overflow_tiny_flanked,
          amcnicky_mini_pool_small, minmay_ogre_servants, uniq_sigmund
D:6:      layout_loops_ring, minmay_checkerbox
D:7:      layout_basic, nicolae_gozag_seed_capital, jmf_multi_god_temple,
          temple_pool_b, uniq_duvessa
D:8:      layout_rooms, erik_lair_island, st_stairs_11, hangedman_decor_riveting
D:9:      layout_long_grid, mainiacjoe_overflow_alcove_2,
          kennysheep_generic_room_5
Temple:   dpeg_chambers_temple
Lair:1:   layout_regular_city, chequers_serial_rivers_small_3
Lair:2:   layout_small_grid, beast_lair_carwin_9, grunt_megastairs_4,
          uniq_harold
Lair:3:   layout_chaotic_city, guppyfry_snake_entry_island,
          ebering_ghost_rock_garden, uniq_gastronok
Lair:4:   layout_regular_city, minmay_swamp_entry_wisps,
          portal_ice_cave_entry_pillars_2, serial_bayou_shore_a
IceCv:    ice_cave_statue_garden_transporter

Skill      XL: |  1  2  3  4  5  6  7  8  9 10 11 12 |
---------------+-------------------------------------+-----
Maces & Flails | 4 5 6 7 9 11 13 14 | 14.1
Fighting       | 6 9 10 | 10.7
Armour         | 4 8 10 | 10.1
Shields        | 4 5 7 |  7.8
Dodging        | |  2.4
Stealth        | |  2.1

Action                   |  1- 3 |  4- 6 |  7- 9 | 10-12 || total
-------------------------+-------+-------+-------+-------++-------
Melee: Mace              |   141 |    34 |       |       ||   175
       Flail             |       |   118 |     6 |       ||   124
       Dire flail        |       |       |   330 |   603 ||   933
       Whip              |       |       |       |   129 ||   129
Throw: Boomerang         |       |     2 |     1 |     7 ||    10
Invok: Heroism           |       |       |       |     1 ||     1
       Finesse           |       |       |       |     1 ||     1
Evoke: Wand              |       |       |       |     5 ||     5
  Use: Potion            |       |       |     1 |     2 ||     3
       Scroll            |       |       |       |     8 ||     8
 Stab: Sleeping          |     1 |       |     1 |       ||     2
Armor: Chain mail        |   127 |     7 |       |       ||   134
       Scale mail        |       |    62 |   128 |       ||   190
       Ring mail         |       |       |    13 |   382 ||   395
Dodge: Dodged            |    75 |    69 |   121 |   334 ||   599

Table legend: (Time is in decaauts)
 A = Elapsed time spent in this place.
 B = Non-inter-level travel time spent in this place.
 C = Inter-level travel time spent in this place.
 D = Time resting spent in this place.
 E = Time spent auto-exploring this place.
 F = Levels seen in this place.
 G = Mean time per level.
                   A        B        C        D        E       F      G
               +--------+--------+--------+--------+--------+-----+--------+
         Total |  12914 |  12279 |    635 |    760 |   8992 |  15 |  860.9 |
       Dungeon |   9639 |   9131 |    508 |    693 |   6684 |   9 | 1071.0 |
        Temple |    233 |    211 |     22 |      0 |    194 |   1 |  233.0 |
          Lair |   3028 |   2924 |    104 |     67 |   2113 |   4 |  757.0 |
      Ice Cave |     14 |     14 |      0 |      0 |      0 |   1 |   14.0 |
               +--------+--------+--------+--------+--------+-----+--------+

Top non-repeatable levels by time:
     D:1: 1568 daAuts
     D:5: 1404 daAuts
     D:3: 1141 daAuts
     D:2: 1081 daAuts
     D:7: 1074 daAuts
  Lair:2: 1030 daAuts
     D:9: 967 daAuts
     D:4: 925 daAuts
  Lair:1: 891 daAuts
  Lair:3: 877 daAuts
     D:6: 785 daAuts
     D:8: 691 daAuts
  Temple: 233 daAuts
  Lair:4: 228 daAuts
   IceCv: 14 daAuts
